 Dungeon Crawl Stone Soup version 0.30.0-19-g36f170ea60 (webtiles) character file.

Game seed: 14428412759158306574

32144 AlmostDecent the Earth Mage (level 13, 0/76 HPs)
             Began as a Gargoyle Earth Elementalist on May 26, 2023.
             Was a High Priest of Vehumet.
             Slain by a five-headed hydra (5 damage)
             ... on level 5 of the Lair of Beasts.
             The game lasted 01:17:23 (13619 turns).

AlmostDecent the Earth Mage (GrEE)                 Turns: 13619, Time: 01:17:24

Health: 0/76       AC: 23    Str: 11    XL:     13   Next: 62%
Magic:  15/30      EV: 11    Int: 28    God:    Vehumet [*****.]
Gold:   766        SH:  0    Dex: 10    Spells: 18/39 levels left

rFire   . . .        Q - +3 quick blade (venom)
rCold   + + .        (no shield)
rNeg    + + +        X - +2 ring mail {rC+}
rPois   ∞            m - +1 helmet "Noggomue" {Drain rN++ Regen+ SInv}
rElec   +            H - +0 cloak
rCorr   .            l - +0 pair of gloves
SInv    +            j - +0 pair of boots
Will    .....        q - amulet of magic regeneration
Stlth   ++           B - +6 ring of intelligence
HPRegen 1.12/turn    J - ring of protection from cold
MPRegen 0.62/turn

%: no passive effects
@: slowed, very slow
A: sickness immunity, AC +9, negative energy resistance 1, electricity
resistance, torment resistance 1, petrification resistance
a: Renounce Religion


You were on level 5 of the Lair of Beasts.
You worshipped Vehumet.
Vehumet was extremely pleased with you.
You visited 3 branches of the dungeon, and saw 17 of its levels.
You also visited: Ossuary, Gauntlet and Ice Cave.

You collected 1026 gold pieces.
You spent 260 gold pieces at shops.

Inventory:

Hand Weapons
 i - the +0 mace "Opti" {vamp, Fly rF+++ rC- Stlth+}
   (You found it on level 1 of the Lair of Beasts)

   rF:        It renders you almost immune to fire.
   rC:        It makes you vulnerable to cold.
   Fly:       It grants you flight.
   Stlth:     It makes you more stealthy.
 I - the +12 long sword of the Onslaught {protect, Will+ Str-3 Stlth+}
   (You took it off a minotaur in a Gauntlet)

   Str:       It affects your strength (-3).
   Will:      It increases your willpower.
   Stlth:     It makes you more stealthy.
 Q - a +3 quick blade of venom (weapon)
Missiles
 w - 4 throwing nets
 U - 6 silver javelins
Armour
 j - a +0 pair of boots (worn)
 l - a +0 pair of gloves (worn)
 m - the +1 helmet "Noggomue" (worn) {Drain rN++ Regen+ SInv}
   (You found it on level 9 of the Dungeon)

   rN:        It greatly protects you from negative energy.
   SInv:      It lets you see invisible.
   Regen:     It increases your rate of health regeneration.
   Drain:     It drains your maximum health when unequipped.
 H - a +0 cloak (worn)
 X - a +2 ring mail of cold resistance (worn)
Magical Staves
 r - a staff of earth
 A - a staff of cold
 L - a staff of air
 O - a staff of conjuration
Jewellery
 e - a +5 ring of evasion
 q - an amulet of magic regeneration (around neck)
 y - a +4 ring of protection
 B - a +6 ring of intelligence (left hand)
 J - a ring of protection from cold (right hand)
Wands
 a - a wand of flame (4)
 p - a wand of polymorph (3)
 v - a wand of roots (16)
 N - a wand of acid (19)
 V - a wand of mindburst (19)
Scrolls
 c - a scroll of fog
 d - 5 scrolls of butterflies
 h - 3 scrolls of immolation
 k - 3 scrolls of enchant armour
 s - 4 scrolls of amnesia
 D - a scroll of magic mapping
 F - 6 scrolls of teleportation
 P - a scroll of poison
 R - 2 scrolls of silence
 Y - 2 scrolls of fear
Potions
 b - 2 potions of magic
 f - 3 potions of lignification
 g - 4 potions of mutation
 n - 7 potions of heal wounds
 o - a potion of invisibility
 u - a potion of flight {unknown}
 x - 7 potions of curing
 C - 4 potions of berserk rage
 G - 5 potions of might
 M - a potion of resistance
 S - a potion of brilliance
 T - a potion of cancellation
Miscellaneous
 t - a box of beasts
 W - a condenser vane
 Z - a phial of floods


   Skills:
 * Level 7.0 Fighting
 * Level 4.8 Long Blades
 * Level 5.2 Armour
 + Level 3.2 Dodging
 + Level 4.0 Stealth
 - Level 13.6 Spellcasting
 - Level 5.8 Conjurations
 + Level 1.0 Transmutations
 + Level 1.2 Fire Magic
 + Level 0.3 Air Magic
 - Level 15.4 Earth Magic
 + Level 0.2 Poison Magic


You had 18 spell levels left.
You knew the following spells:

 Your Spells              Type           Power      Damage    Failure   Level
a - Sandblast             Erth           100%       2d20      0%          1
b - Stone Arrow           Conj/Erth      100%       3d13      1%          3
c - Ignite Poison         Fire/Tmut/Pois 23%        N/A       3%          3
d - Mephitic Cloud        Conj/Pois/Air  31%        N/A       2%          3
e - Orb of Destruction    Conj           25%        9d9       71%         7
f - Olgreb's Toxic Radia  Pois           20%        N/A       16%         4

Your spell library contained the following spells:

 Spells                   Type           Power      Damage    Failure   Level
 Magic Dart               Conj           100%       1d8       1%          1
 Passwall                 Tmut/Erth      50%        N/A       1%          2
 Petrify                  Tmut/Erth      60%        N/A       1%          4
 Beastly Appendage        Tmut           48%        N/A       4%          1
 Inner Flame              Hex/Fire       22%        N/A       4%          3
 Apportation              Tloc           38%        N/A       6%          1
 Necrotise                Necr           76%        1d7       6%          1
 Summon Small Mammal      Summ           76%        N/A       6%          1
 Wereblood                Tmut           24%        N/A       6%          2
 Call Imp                 Summ           38%        N/A       10%         2
 Spider Form              Tmut/Pois      22%        N/A       14%         3
 Tukima's Dance           Hex            19%        N/A       19%         3
 Yara's Violent Unravell  Hex/Tmut       10%        3d6       32%         5
 Summon Lightning Spire   Summ/Air       20%        N/A       50%         4
 Passage of Golubria      Tloc           19%        N/A       52%         4
 Summon Ice Beast         Ice/Summ       19%        N/A       52%         4
 Summon Mana Viper        Hex/Summ       19%        N/A       86%         5
 Enfeeble                 Hex            9%         N/A       100%        7
 Monstrous Menagerie      Summ           9%         N/A       100%        7
 Storm Form               Tmut/Air       11%        N/A       100%        7
 Maxwell's Capacitive Co  Air            10%        ∞         100%        8


Dungeon Overview and Level Annotations

Branches:
Dungeon (11/15)            Temple (1/1) D:4            Lair (5/5) D:9
 Shoals (0/4) Lair:3        Snake (0/4) Lair:2        Slime (0/5) Lair:4
Ossuary (visited)           IceCv (visited)         Gauntlet (visited)
    Orc: D:9-12

Altars:
Ashenzari
Cheibriados
Dithmenos
Elyvilon
Fedhas
Gozag
Hepliaklqana
Kikubaaqudgha
Makhleb
Nemelex Xobeh
Okawaru
Qazlal
Ru
Sif Muna
Trog
Uskayaw
Vehumet
Wu Jian
Xom
Yredelemnul
Zin
The Shining One
Jiyva

Shops:
D:1 (   D:8 (

Annotations:
D:11 3 runed translucent doors, Esekla's ghost, journeyman OpDe
Lair:1 3 runed translucent doors, PaiMei's ghost, journeyman HOFi
Lair:5 Josephine


Innate Abilities, Weirdness & Mutations

You are immune to sickness and miasma.
Your stone body is resilient. (AC +9)
You are immune to poison.
You resist negative energy. (rN+)
You are resistant to electric shocks. (rElec)
You are resistant to unholy torment.
You are immune to petrification.


Message History

The five-headed hydra bites you.
The five-headed hydra bites you but does no damage.
Josephine is engulfed in noxious fumes.
Josephine appears confused.
Josephine hits you with a +0 dagger of venom.
The wraith barely misses you. The wraith hits you.
The wraith drains your vigour!
You feel as though you will be slow longer.
The wraith hits the fungus!
The wraith drains the fungus's vigour!
The wraith closely misses you.
The five-headed hydra bites you but does no damage. x2
The five-headed hydra bites you.
* * * LOW HITPOINT WARNING * * *
The five-headed hydra bites you but does no damage. x2
Josephine is engulfed in noxious fumes.
Josephine appears confused.
You feel much better.
A nearby fungus withers and dies.
The wraith hits you! The wraith drains your vigour!
You feel as though you will be slow longer.
The wraith hits you but does no damage. x2
The five-headed hydra bites you but does no damage. x2
The five-headed hydra closely misses you.
The five-headed hydra bites you!
The five-headed hydra bites you but does no damage.
Josephine closely misses the wraith.
The wraith hits you but does no damage. The wraith barely misses you.
The wraith hits you but does no damage. x2
As you read the scroll of fear, it crumbles to dust.
You assume a fearsome visage.
Josephine looks frightened!
The wraith is unaffected. x4
The five-headed hydra resists with almost no effort.
The five-headed hydra bites you but does no damage.
The five-headed hydra bites you.
* * * LOW HITPOINT WARNING * * *
The five-headed hydra bites you!
* * * LOW HITPOINT WARNING * * *
The five-headed hydra bites you but does no damage. x2
The wraith closely misses you. x2; The wraith misses you.
The wraith hits you.
* * * LOW HITPOINT WARNING * * *
The five-headed hydra bites you.
* * * LOW HITPOINT WARNING * * *
The five-headed hydra bites you.
You die...

... ............... ##..
............#.. ..
#...P##......#....# #..
#P...#.....# #...####.
...##...# #....###........ #
........###....#P#........
#.........#P#...............
#.#.##.P.....W@W.........#
###...##....##DWW..##...#.#
##.##.#.#....##.@.P###....#
....#...#...P###.#####....##..
.............#.#..............
.............^................
..............§...............
..........................#...
†.#.####....@..............###


You could see a five-headed hydra, Josephine (confused, fleeing) and 4 wraiths.

Vanquished Creatures
  A minotaur (Gauntlet)
  A catoblepas (Lair:5)
  A hydra (Lair:3)
  A two-headed ogre (D:11)
  A salamander (Lair:2)
  Maggie (D:10)
  2 ice statues (IceCv)
  5 black mambas
  5 cane toads
  2 gargoyles
  A torpor snail (Lair:4)
  2 rime drakes
  9 komodo dragons
  2 trolls
  3 ice devils (IceCv)
  17 blink frogs
  3 polar bears
  4 dream sheep (Lair:2)
  A snapping turtle (Lair:3)
  4 flying skulls (Gauntlet)
  10 slime creatures
  A dire elephant simulacrum (IceCv)
  2 vampires
  31 yaks
  3 wraiths
  4 wyverns
  3 vampire mosquitoes (D:11)
  An acid dragon (D:10)
  12 water moccasins
  A hydra simulacrum (IceCv)
  4 black bears
  4 ice beasts
  2 sky beasts (D:7)
  2 centaurs
  6 kobold brigands
  18 bullfrogs
  2 two-headed ogre simulacra (IceCv)
  8 wights
  16 killer bees
  An elephant simulacrum (IceCv)
  An electric eel (Lair:2)
  3 lava snakes (Lair:2)
  2 orc priests
  6 jellies (D:6)
  2 sleepcaps
  A hound (D:4)
  3 gnoll boudas
  An iguana (D:5)
  7 orc wizards
  Terence (D:3)
  7 hell rats (Lair:2)
  5 spriggan simulacra (IceCv)
  A troll simulacrum (IceCv)
  A polar bear simulacrum (IceCv)
  A wolf simulacrum (IceCv)
  11 mummies (Ossuary)
  24 gnolls
  8 adders
  A shadow imp (D:7)
  7 white imps
  5 ufetubi
  8 worms
  22 orcs
  9 ball pythons
  4 bats
  22 endoplasms
  3 giant cockroaches
  7 hobgoblins
  31 kobolds
  2 quokkas
  2 frilled lizards (D:1)
  3 gnoll skeletons (Ossuary)
  12 goblins
  3 goblin skeletons (Ossuary)
  2 orc skeletons (Ossuary)
  9 rats
  11 rat skeletons (Ossuary)
  A spectral kobold (D:2)
446 creatures vanquished.

Notes
Turn   | Place    | Note
-------+----------+-------------------------------------------
     0 | D:1      | AlmostDecent the Gargoyle Earth Elementalist began the
                  | quest for the Orb.
     0 | D:1      | Reached XP level 1. HP: 10/10 MP: 3/3
   255 | D:1      | Reached XP level 2. HP: 15/15 MP: 3/5
   421 | D:1      | Reached skill level 4 in Earth Magic
   460 | D:1      | Found Lelig's Weapon Shop.
   812 | D:1      | Reached XP level 3. HP: 19/19 MP: 5/7
  1169 | D:2      | Identified the +1 ring mail of the Saviour {+Blink rPois
                  | Will+ Int-5}
  1249 | D:2      | Found a faded altar of an unknown god.
  1411 | D:2      | Reached XP level 4. HP: 24/24 MP: 6/8
  2104 | D:3      | Reached skill level 5 in Earth Magic
  2380 | D:3      | Noticed Terence
  2386 | D:3      | Killed Terence
  2387 | D:3      | Reached XP level 5. HP: 28/28 MP: 8/10
  2460 | D:4      | Found a staircase to the Ecumenical Temple.
  2463 | D:4      | Found a sparkling altar of Nemelex Xobeh.
  2471 | Temple   | Entered the Ecumenical Temple
  2502 | Temple   | Became a worshipper of Vehumet
  2585 | D:4      | Found a stormy altar of Qazlal.
  2658 | D:4      | Noticed an ice beast
  2660 | D:4      | Killed an ice beast
  2661 | D:4      | Reached skill level 6 in Earth Magic
  2661 | D:4      | Reached XP level 6. HP: 32/32 MP: 10/12
  2695 | D:4      | Learned a level 3 spell: Stone Arrow
  2792 | D:4      | Reached skill level 7 in Earth Magic
  2792 | D:4      | Reached XP level 7. HP: 36/36 MP: 11/14
  2796 | D:4      | Reached skill level 5 in Spellcasting
  3035 | D:4      | Reached * piety under Vehumet
  3035 | D:4      | Offered knowledge of Freeze by Vehumet.
  3278 | D:5      | Entered Level 5 of the Dungeon
  3418 | D:5      | Reached skill level 8 in Earth Magic
  3600 | D:5      | Reached XP level 8. HP: 42/42 MP: 14/16
  3701 | D:5      | Found a glowing golden altar of the Shining One.
  3933 | D:6      | Reached skill level 9 in Earth Magic
  4069 | D:6      | Reached ** piety under Vehumet
  4069 | D:6      | Offered knowledge of Foxfire by Vehumet.
  4168 | D:6      | Found a sand-covered staircase.
  4173 | Ossuary  | Entered an ossuary
  4369 | Ossuary  | Offered knowledge of Ignite Poison by Vehumet.
  4374 | Ossuary  | Learned a level 3 spell: Ignite Poison
  4987 | D:6      | Noticed a slime creature
  4991 | D:6      | Reached *** piety under Vehumet
  4994 | D:6      | Killed a slime creature
  4995 | D:6      | Reached skill level 10 in Earth Magic
  4995 | D:6      | Reached XP level 9. HP: 46/46 MP: 18/20
  5082 | D:7      | Offered knowledge of Dazzling Flash by Vehumet.
  5236 | D:7      | Found a broken altar of Ashenzari.
  5310 | D:7      | Reached skill level 11 in Earth Magic
  5365 | D:7      | Reached **** piety under Vehumet
  5659 | D:8      | Found a burning altar of Makhleb.
  5671 | D:8      | Offered knowledge of Airstrike by Vehumet.
  5692 | D:8      | Learned a level 3 spell: Mephitic Cloud
  5931 | D:8      | Found Ynaneis's Weapon Shoppe.
  5950 | D:8      | Bought a +0 quick blade of venom for 260 gold pieces
  5976 | D:8      | Reached skill level 12 in Earth Magic
  5976 | D:8      | Reached XP level 10. HP: 19/51 MP: 21/23
  5988 | D:8      | Reached skill level 1 in Conjurations
  6206 | D:8      | Reached skill level 1 in Fighting
  6654 | D:8      | Reached skill level 13 in Earth Magic
  6657 | D:8      | Reached skill level 10 in Spellcasting
  6712 | D:8      | Found a blossoming altar of Fedhas.
  6910 | D:9      | Identified the +1 helmet "Noggomue" {Drain rN++ Regen+
                  | SInv}
  6911 | D:9      | Found an opulent altar of Gozag.
  7129 | D:9      | Reached XP level 11. HP: 34/59 MP: 25/25
  7246 | D:9      | Reached ***** piety under Vehumet
  7272 | D:9      | Found a bloodstained altar of Trog.
  7272 | D:9      | Found a sacrificial altar of Ru.
  7287 | D:9      | Found a staircase to the Lair.
  7354 | D:9      | Offered knowledge of Orb of Destruction by Vehumet.
  7575 | D:9      | Reached skill level 14 in Earth Magic
  7830 | D:10     | Entered Level 10 of the Dungeon
  7847 | D:10     | Noticed Maggie
  7854 | D:10     | Killed Maggie
  7855 | D:10     | Reached skill level 1 in Transmutations
  7919 | D:10     | Found a white marble altar of Elyvilon.
  8285 | D:11     | Found a runed translucent gate.
  8285 | D:11     | Found a runed translucent gate.
  8285 | D:11     | Found a viscous altar of Jiyva.
  8285 | D:11     | Found a runed translucent gate.
  8285 | D:11     | Noticed Esekla's ghost (journeyman OpDe)
  8286 | D:11     | Noticed a two-headed ogre
  8291 | D:11     | Killed a two-headed ogre
  8475 | D:11     | Found a gate leading to a gauntlet.
  8484 | Gauntlet | Entered a Gauntlet
  8484 | Gauntlet | Found a transporter.
  8486 | Gauntlet | Noticed a tengu warrior
  8495 | Gauntlet | Found a transporter.
  8498 | Gauntlet | Found a transporter.
  8521 | Gauntlet | Found a transporter.
  8536 | Gauntlet | Found a transporter.
  8538 | Gauntlet | Found a transporter.
  8541 | Gauntlet | Noticed a great orb of eyes
  8548 | Gauntlet | Found a transporter.
  8564 | Gauntlet | Found a transporter.
  8569 | Gauntlet | Found a transporter.
  8586 | Gauntlet | Found a transporter.
  8588 | Gauntlet | Noticed a red ugly thing
  8592 | Gauntlet | Found a transporter.
  8637 | Gauntlet | Found a transporter.
  8637 | Gauntlet | Noticed a reaper
  8641 | Gauntlet | Found a runed translucent door.
  8649 | Gauntlet | Found a transporter.
  8651 | Gauntlet | Found a transporter.
  8756 | Gauntlet | Learned a level 7 spell: Orb of Destruction
  8825 | Gauntlet | Identified the amulet "Meng" {Acrobat rCorr Str+3}
  8897 | Gauntlet | Identified the +12 long sword of the Onslaught {protect,
                  | Will+ Str-3 Stlth+}
  8897 | Gauntlet | Noticed a minotaur
  8905 | Gauntlet | Killed a minotaur
  8906 | Gauntlet | Reached XP level 12. HP: 35/66 MP: 10/28
  9401 | Lair:1   | Entered Level 1 of the Lair of Beasts
  9552 | Lair:1   | Found a runed translucent gate.
  9552 | Lair:1   | Found a runed translucent gate.
  9552 | Lair:1   | Found a runed translucent gate.
  9554 | Lair:1   | Noticed PaiMei's ghost (journeyman HOFi)
  9555 | Lair:1   | Noticed a nine-headed hydra
  9629 | Lair:1   | Found a glowing silver altar of Zin.
  9878 | Lair:1   | Found a frozen archway.
  9885 | Lair:1   | Identified the +0 mace "Opti" {vamp, Fly rF+++ rC- Stlth+}
  9931 | IceCv    | Entered an ice cave
 10010 | IceCv    | Reached skill level 15 in Earth Magic
 10116 | IceCv    | Reached skill level 5 in Conjurations
 10195 | IceCv    | Noticed a reaper
 10499 | Lair:2   | Reached skill level 5 in Fighting
 10666 | Lair:2   | Reached skill level 1 in Armour
 10792 | Lair:2   | Found a staircase to the Snake Pit.
 10863 | Lair:2   | Offered knowledge of Olgreb's Toxic Radiance by Vehumet.
 10869 | Lair:2   | Learned a level 4 spell: Olgreb's Toxic Radiance
 11535 | Lair:3   | Reached XP level 13. HP: 74/74 MP: 30/30
 11551 | Lair:3   | Found a staircase to the Shoals.
 11884 | Lair:3   | Reached skill level 1 in Long Blades
 12379 | Lair:4   | Found a staircase to the Slime Pits.
 12380 | Lair:4   | Found a viscous altar of Jiyva.
 12681 | Lair:4   | Reached skill level 1 in Fire Magic
 13334 | Lair:5   | Entered Level 5 of the Lair of Beasts
 13496 | Lair:5   | Noticed Josephine
 13498 | Lair:5   | Reached skill level 5 in Armour
 13619 | Lair:5   | Slain by a five-headed hydra

Illustrated notes

Levels and vault maps discovered:
D:1:      wander_arrival_estate, layout_loops_cross, serial_shops,
          nicolae_square_shop, wander_ebering_terrifying_dragon_lair
D:2:      layout_basic, dreamdust_ecumenical_altar_drowned_temple
D:3:      layout_loops_ring, uniq_terence
D:4:      nicolae_BIG_FREAKIN_CUBE, layout_loops_ring,
          nicolae_qazlal_scattered_showers, nemelex_xobeh_ov_fountains_minmay,
          minmay_temple_entry_crystal_x
D:5:      layout_rooms, nicolae_overflow_hidden_temple
D:6:      lemuel_slime, layout_loops_corners, enter_ossuary_2
D:7:      layout_basic, kennysheep_mini_moat
D:8:      layout_basic, fedhas_altar_fruit_tree,
          mainiacjoe_overflow_cross_hatched, serial_shops,
          nicolae_shop_bloodbath_and_beyond
D:9:      layout_basic, nicolae_gozag_seed_capital,
          gammafunk_temple_overflow_wave, due_lair_maze_entry_diamond
D:10:     layout_cross, lemuel_round_altar, uniq_maggie
D:11:     layout_irregular_city, gauntlet_entry_generic, gammafunk_ghost_ooze,
          nrook_loot_triangle
Temple:   nicolae_temple_ecumenical_triangle
Lair:1:   layout_big_grid, portal_ice_cave_entry_pillars_1,
          gammafunk_ghost_hydra_chop, basic_altar, chequers_serial_rivers_marsh,
          wad_woods_river_03
Lair:2:   layout_regular_city, nicolae_snake_entry_warm_welcome,
          minmay_hedge_maze, chequers_serial_rivers_large_b,
          serial_bayou_shore_a, grunt_megastairs_1, serial_bayou_shore_b
Lair:3:   layout_gridlike, minmay_shoals_entry_hut
Lair:4:   layout_cave_pods, minmay_slime_entry_pillars, lemuel_fruit_tree
Lair:5:   evilmike_catoblepas_cave, layout_regular_city, serial_bayou_pond_b,
          lemuel_centaur_altar, uniq_josephine

Skill      XL: |  1  2  3  4  5  6  7  8  9 10 11 12 13 |
---------------+----------------------------------------+-----
Earth Magic    | 4 5 6 7 8 10 12 13 14 15 | 15.4
Spellcasting   | 3 4 5 7 9 10 12 13 | 13.6
Dodging        | 2 3 |  3.2
Conjurations   | 2 4 5 |  5.8
Fighting       | 2 4 6 7 |  7.0
Transmutations | 1 |  1.0
Stealth        | 3 4 |  4.0
Armour         | 1 5 |  5.2
Long Blades    | 4 |  4.8
Fire Magic     | 1 |  1.2
Air Magic      | |  0.3
Poison Magic   | |  0.2

Action                     |  1- 3 |  4- 6 |  7- 9 | 10-12 | 13-15 || total
---------------------------+-------+-------+-------+-------+-------++-------
  Melee: Unarmed           |    11 |       |       |       |       ||    11
         Staff             |       |     1 |    14 |       |       ||    15
         Long sword        |       |       |       |       |    92 ||    92
         Quick blade       |       |       |       |       |    17 ||    17
         Punch             |       |       |       |       |     2 ||     2
   Cast: Sandblast         |    57 |    61 |   234 |   345 |    75 ||   772
         Stone Arrow       |       |       |       |    74 |    43 ||   117
         Ignite Poison     |       |       |       |     2 |     3 ||     5
         Mephitic Cloud    |       |       |       |     2 |     1 ||     3
         Olgreb's Toxic Ra |       |       |       |       |     1 ||     1
    Use: Potion            |       |     3 |       |     5 |     2 ||    10
         Scroll            |       |       |    11 |    20 |     2 ||    33
 Armour: Robe              |     5 |     4 |    63 |    63 |       ||   135
         Skin              |       |     6 |     8 |       |       ||    14
         Ring mail         |       |       |       |    75 |   154 ||   229
  Dodge: Dodged            |    20 |    23 |    67 |   122 |   108 ||   340
